 Dungeon Crawl Stone Soup version 0.22.0-49-gab54619674 (webtiles) character file.

73 Riddle the Magician (level 4, -12/32 HPs)
             Began as a Gnoll Wizard on Sept 7, 2018.
             Mangled by an ice beast (14 damage)
             ... on level 3 of the Dungeon.
             The game lasted 00:04:50 (1695 turns).

Riddle the Magician (Gnoll Wizard)                  Turns: 1695, Time: 00:04:51

Health: -12/32     AC:  2    Str:  9    XL:     4   Next: 27%
Magic:  11/13      EV: 15    Int: 22    God:
Gold:   139        SH:  0    Dex: 16    Spells: 10/17 levels left

rFire    . . .     SeeInvis .   i - +0 short sword
rCold    . . .     Gourm    .   (no shield)
rNeg     . . .     Faith    .   a - +0 robe
rPois    .         Spirit   .   b - +0 hat
rElec    .         Reflect  .   (no cloak)
rCorr    .         Harm     .   (no gloves)
MR       .....                  (no boots)
Stlth    +++.......             (no amulet)
HPRegen  0.10/turn              l - +3 ring of dexterity
MPRegen  0.13/turn              (no ring)

@: no status effects
A: distributed training, fangs 1, strong nose
a: no special abilities


You were on level 3 of the Dungeon.
You were very hungry.

You visited 1 branch of the dungeon, and saw 3 of its levels.

You collected 139 gold pieces.

Inventory:

Hand Weapons
 i - a +0 short sword (weapon)
Armour
 a - a +0 robe (worn)
 b - a +0 hat (worn)
Jewellery
 l - a +3 ring of dexterity (left hand)
Scrolls
 c - 3 scrolls of identify {unknown}
 f - 2 scrolls of remove curse {unknown}
 j - 2 scrolls of fear {unknown}
Potions
 e - 2 potions of mutation {unknown}
 h - a potion of haste {unknown}
 k - a potion of flight {unknown}
Comestibles
 d - 4 rations


   Skills:
 + Level 1.0 Fighting
 + Level 1.0 Short Blades
 + Level 1.0 Long Blades
 + Level 1.0 Axes
 + Level 1.0 Maces & Flails
 + Level 1.0 Polearms
 + Level 1.0 Staves
 + Level 1.0 Slings
 + Level 1.0 Bows
 + Level 1.0 Crossbows
 + Level 1.0 Throwing
 + Level 1.0 Armour
 + Level 4.6 Dodging
 + Level 4.2 Stealth
 + Level 1.0 Shields
 + Level 1.0 Unarmed Combat
 + Level 7.2 Spellcasting
 + Level 2.2 Conjurations
 + Level 0.8 Hexes
 + Level 0.8 Charms
 + Level 2.2 Summonings
 + Level 0.8 Necromancy
 + Level 2.2 Translocations
 + Level 0.8 Transmutations
 + Level 0.8 Fire Magic
 + Level 0.8 Ice Magic
 + Level 0.8 Air Magic
 + Level 0.8 Earth Magic
 + Level 0.8 Poison Magic
 + Level 1.1 Invocations
 + Level 1.0 Evocations


You had 10 spell levels left.
You knew the following spells:

 Your Spells              Type           Power        Failure   Level  Hunger
a - Magic Dart            Conj           ###.         3%          1    None
b - Blink                 Tloc           N/A          4%          2    None
c - Call Imp              Summ           ###.....     4%          2    None
d - Slow                  Hex            ##......     9%          2    None

Your spell library contained the following spells:

 Spells                   Type           Power        Failure   Level  Hunger
 Conjure Flame            Conj/Fire      ##......     13%         3    None
 Mephitic Cloud           Conj/Pois/Air  ##......     14%         3    None


Dungeon Overview and Level Annotations

Branches:
Dungeon (3/15)

Altars:


Innate Abilities, Weirdness & Mutations

Your experience applies equally to all skills.
You have very sharp teeth.
Your uncanny sense of smell can sniff out nearby items.


Message History

Press: ? - help, Shift-Dir - straight line, f - rat
Aim: a rat (heavily wounded)
The magic dart hits the rat.
You kill the rat!
You start resting.
Magic restored.
You start resting.
HP restored.
You climb downwards.
The ice beast hits you. The ice beast freezes you! The ice beast hits you.
The ice beast freezes you!
* * * LOW HITPOINT WARNING * * *
There is a stone staircase leading up here.
Casting: Magic Dart (safe; 3% risk of failure)
Confirm with . or Enter, or press ? or * to list all spells.
A beastly little devil appears in a puff of frigid air.
The ice beast completely misses you. The ice beast hits you.
* * * LOW HITPOINT WARNING * * *
The ice beast freezes you!
You die...

#....####....♣≈.P ##.#.##
#.#≈P≈≈P≈
############....###.P≈≈≈≈≈≈
##..........##.....#Y..≈≈≈≈≈
##............####.....≈P≈≈≈≈
#..............# ###..P≈≈≈≈≈.
#..............# #....≈≈≈.≈
#..............#####...≈≈≈≈≈.
#.............5@†.....P≈≈≈.≈P
#.........÷...Y######.#.≈≈≈..
##..........).## ......P..
#.............## .##....
#.#######.##### .# .##. #.
#..# .# # ##.# .# .# .#


You could see an ice beast and a friendly white imp.

Vanquished Creatures
  3 gnolls
  2 leopard geckos (D:2)
  5 bats
  4 goblins (D:1)
  2 hobgoblins (D:1)
  6 jackals
  5 kobolds
  A quokka (D:3)
  A frilled lizard (D:2)
  5 rats
34 creatures vanquished.

Vanquished Creatures (collateral kills)
  An adder (D:2)
1 creature vanquished.

Grand Total: 35 creatures vanquished

Notes
Turn   | Place    | Note
-------+----------+-------------------------------------------
     0 | D:1      | Riddle the Gnoll Wizard began the quest for the Orb.
     0 | D:1      | Reached XP level 1. HP: 13/13 MP: 8/8
   180 | D:1      | Reached XP level 2. HP: 19/19 MP: 7/10
   188 | D:1      | Learned a level 2 spell: Blink
   191 | D:1      | Learned a level 2 spell: Call Imp
   194 | D:1      | Learned a level 2 spell: Slow
   688 | D:2      | Reached XP level 3. HP: 22/25 MP: 2/11
  1167 | D:3      | Noticed an ice beast
  1168 | D:3      | Reached skill level 1 in Invocations
  1178 | D:2      | Reached skill level 1 in Fighting
  1178 | D:2      | Reached skill level 1 in Short Blades
  1178 | D:2      | Reached skill level 1 in Long Blades
  1178 | D:2      | Reached skill level 1 in Axes
  1178 | D:2      | Reached skill level 1 in Maces & Flails
  1178 | D:2      | Reached skill level 1 in Polearms
  1178 | D:2      | Reached skill level 1 in Staves
  1178 | D:2      | Reached skill level 1 in Slings
  1178 | D:2      | Reached skill level 1 in Bows
  1178 | D:2      | Reached skill level 1 in Crossbows
  1178 | D:2      | Reached skill level 1 in Throwing
  1178 | D:2      | Reached skill level 1 in Armour
  1178 | D:2      | Reached skill level 1 in Shields
  1178 | D:2      | Reached skill level 1 in Unarmed Combat
  1178 | D:2      | Reached skill level 1 in Evocations
  1178 | D:2      | Reached XP level 4. HP: 13/32 MP: 0/13
  1695 | D:3      | Mangled by an ice beast

Skill      XL: |  1  2  3 |
---------------+----------+-----
Conjurations   | 2 |  2.2
Summonings     | 2 |  2.2
Translocations | 2 |  2.2
Invocations    | 1 |  1.1
Fighting       | 1 |  1.0
Short Blades   | 1 |  1.0
Long Blades    | 1 |  1.0
Axes           | 1 |  1.0
Maces & Flails | 1 |  1.0
Polearms       | 1 |  1.0
Staves         | 1 |  1.0
Slings         | 1 |  1.0
Bows           | 1 |  1.0
Crossbows      | 1 |  1.0
Throwing       | 1 |  1.0
Armour         | 1 |  1.0
Shields        | 1 |  1.0
Unarmed Combat | 1 |  1.0
Evocations     | 1 |  1.0
Dodging        | |  4.6
Stealth        | |  4.2
Spellcasting   | |  7.2
Hexes          | |  0.8
Charms         | |  0.8
Necromancy     | |  0.8
Transmutations | |  0.8
Fire Magic     | |  0.8
Ice Magic      | |  0.8
Air Magic      | |  0.8
Earth Magic    | |  0.8
Poison Magic   | |  0.8

Action                   |  1- 3 |  4- 6 || total
-------------------------+-------+-------++-------
Melee: Short sword       |     1 |     1 ||     2
       Bite              |     1 |       ||     1
 Cast: Magic Dart        |    56 |    21 ||    77
       Call Imp          |     1 |     3 ||     4
       Blink             |     1 |       ||     1
       Slow              |       |     2 ||     2
  Eat: Chunk             |     1 |       ||     1
Armor: Robe              |     4 |    15 ||    19
Dodge: Dodged            |    25 |    57 ||    82
